 Dungeon Crawl Stone Soup version 0.30.1-4-g462c640d31 (webtiles) character file.

Game seed: 7096393302563138459

48 Kurtz the Covered (level 3, -1/23 HPs)
             Began as a Tengu Fighter on Sept 16, 2023.
             Slain by a gnoll
             ... wielding a +0 flail
              (7 damage)
             ... on level 2 of the Dungeon.
             The game lasted 00:00:56 (969 turns).

Kurtz the Covered (Tengu Fighter)                    Turns: 969, Time: 00:00:56

Health: -1/23      AC:  6    Str: 18    XL:     3   Next: 72%
Magic:  4/4        EV:  9    Int:  8    God:
Gold:   108        SH: 10    Dex: 13    Spells: 2/2 levels left

rFire   . . .        a - +0 war axe
rCold   . . .        c - +0 buckler
rNeg    . . .        b - +0 scale mail
rPois   .            (helmet restricted)
rElec   .            (no cloak)
rCorr   .            (no gloves)
SInv    .            (boots unavailable)
Will    .....        f - amulet of reflection Stlth
                     (no ring)
HPRegen 0.23/turn    (no ring)
MPRegen 0.09/turn

%: reflection
@: no status effects
A: beak, talons 3
a: no special abilities


You were on level 2 of the Dungeon.
You visited 1 branch of the dungeon, and saw 2 of its levels.

You collected 108 gold pieces.

Inventory:

Hand Weapons
 a - a +0 war axe (weapon)
Missiles
 l - 4 poisoned darts (quivered)
Armour
 b - a +0 scale mail (worn)
 c - a +0 buckler (worn)
Jewellery
 f - an amulet of reflection (around neck)
Scrolls
 e - a scroll of immolation {unknown}
 g - 3 scrolls of identify {unknown}
 n - a scroll of teleportation {unknown}
Potions
 d - a potion of might
 h - 2 potions of curing {unknown}
 i - 2 potions of heal wounds {unknown}
 j - a potion of lignification {unknown}
 k - a potion of flight {unknown}
 m - a potion of attraction {unknown}


   Skills:
 * Level 3.3 Fighting
 * Level 2.9 Axes
 * Level 3.6 Armour
 * Level 1.0 Dodging
 * Level 3.4 Shields


You had 2 spell levels left.
You didn't know any spells.
Your spell library contained the following spells:

 Spells                   Type           Power      Damage    Failure   Level
 Apportation              Tloc           0%         N/A       86%         1
 Alistair's Intoxication  Tmut/Pois      0%         N/A       100%        5


Dungeon Overview and Level Annotations

Branches:
Dungeon (2/15)

Altars:


Innate Abilities, Weirdness & Mutations

You have a beak for a mouth.
You have claws for feet.


Message History

The kobold hits you with a +0 short sword.
You hit the gnoll. You peck the gnoll, but do no damage.
The gnoll is heavily wounded.
You miss the kobold. You block the kobold's attack.
A gnoll comes into view. It is wielding a +0 spear.
The gnoll closely misses you.
The kobold hits you with a +0 short sword.
You block the gnoll's attack.
The gnoll moves out of view.
You barely miss the gnoll.
The gnoll is heavily wounded.
You hit the kobold.
You kill the kobold!
The gnoll hits you but does no damage.
You slash the gnoll!
You kill the gnoll!
The gnoll hits you with a +0 flail. You block the gnoll's attack.
You barely miss the gnoll. The gnoll hits you with a +0 flail.
The gnoll completely misses you.
You are too injured to fight recklessly!
You are too injured to fight recklessly!
You are too injured to fight recklessly!
You are too injured to fight recklessly!
You are too injured to fight recklessly!
You are too injured to fight recklessly!
You are too injured to fight recklessly!
Unknown command.
You are too injured to fight recklessly!
Unknown command.
You are too injured to fight recklessly!
Unknown command.
You are too injured to fight recklessly!
You are too injured to fight recklessly!
The gnoll attacks as you move away! The gnoll hits you with a +0 flail.
The gnoll attacks as you move away! The gnoll hits you with a +0 flail.
* * * LOW HITPOINT WARNING * * *
Things that are here:
a +0 dagger; a goblin corpse The gnoll attacks as you move away!
The gnoll closely misses you. The gnoll attacks as you move away!
The gnoll hits you with a +0 flail!
You die...

#....# #...... #. #.##.#
#...#.. #.
#.##.#####...#.# #.
#..#...........# ..#####
##.######.....#.
#.#.[.#####.####..†..))#.
#.#..............#####.#.
#.#.............## ###.#.
#..)###g@...#...####.....
###...g.##...##......##..
##
#.....###....##..#####.#
#. #.###.............#
##.# #. ###.#
#######....##.###..#
##)####...#
...........#.##
#.......###
<#.#####.#...# #.)######
#. #†##..# .).. # #.#####


You could see 2 gnolls.

Vanquished Creatures
  A gnoll (D:2)
  An adder (D:2)
  A worm (D:2)
  2 dart slugs (D:1)
  An endoplasm (D:1)
  2 giant cockroaches (D:1)
  A goblin (D:2)
  A hobgoblin (D:2)
  2 jackals (D:1)
  A ball python (D:1)
  4 bats
  A frilled lizard (D:2)
  2 kobolds (D:2)
  4 rats (D:1)
24 creatures vanquished.

Notes
Turn   | Place    | Note
-------+----------+-------------------------------------------
     0 | D:1      | Kurtz the Tengu Fighter began the quest for the Orb.
     0 | D:1      | Reached XP level 1. HP: 14/14 MP: 2/2
   144 | D:1      | Reached XP level 2. HP: 16/19 MP: 3/3
   172 | D:1      | You fall into a shaft and drop 1 floor!
   839 | D:2      | Reached XP level 3. HP: 23/23 MP: 4/4
   931 | D:2      | Reached skill level 1 in Dodging
   969 | D:2      | Slain by a gnoll

Illustrated notes

Levels and vault maps discovered:
D:1:      ldierk_walled_garden_2, layout_loops_ring
D:2:      layout_rooms, hellmonk_ecumenical_altar_heavens_door,
          grunt_ministairs_1, uniq_crazy_yiuf_cottage, uniq_sigmund

Skill      XL: |  1  2  3 |
---------------+----------+-----
Dodging        | 1 |  1.0
Fighting       | |  3.3
Axes           | |  2.9
Armour         | |  3.6
Shields        | |  3.4

Action                     || total
---------------------------++-------
  Melee: War axe           ||    54
         Kick              ||    10
         Peck              ||     5
 Armour: Scale mail        ||    20
  Dodge: Dodged            ||    20
  Block: Buckler           ||    37
